 Dungeon Crawl Stone Soup version 0.23.1 (webtiles) character file.

Game seed: 0

574 dengdeng the Chopper (level 7, 0/61 HPs)
             Began as a Hill Orc Berserker on Mar 17, 2019.
             Was a Priest of Trog.
             Slain by a bullfrog (2 damage)
             ... in a sewer.
             The game lasted 00:13:55 (4411 turns).

dengdeng the Chopper (Hill Orc Berserker)           Turns: 4411, Time: 00:13:56

Health: 0/61       AC:  9    Str: 22    XL:     7   Next: 35%
Magic:  7/7        EV: 11    Int:  7    God:    Trog [***...]
Gold:   127        SH:  0    Dex: 10    Spells: 6/6 levels left

rFire    . . .     SeeInvis .   m - +1 flail (crush)
rCold    . . .     Gourm    .   (no shield)
rNeg     . . .     Faith    .   p - +0 scale mail
rPois    .         Spirit   .   h - +0 helmet
rElec    .         Reflect  .   (no cloak)
rCorr    .         Harm     .   (no gloves)
MR       .....                  q - +0 pair of boots
Stlth    ..........             (no amulet)
HPRegen  0.20/turn              (no ring)
MPRegen  0.10/turn              (no ring)

@: berserk cooldown, very slow
A: no striking features
a: Berserk, Trog's Hand, Renounce Religion


You were in a sewer.
You worshipped Trog.
Trog was most pleased with you.
You were very hungry.

You visited 1 branch of the dungeon, and saw 4 of its levels.
You also visited: Sewer.

You collected 127 gold pieces.

Inventory:

Hand Weapons
 a - a +0 hand axe
 j - a +2 whip of electrocution
 m - a +1 flail of crushing (weapon)
Missiles
 e - 45 stones (quivered)
 l - 5 silver tomahawks
Armour
 h - a +0 helmet (worn)
 p - a +0 scale mail (worn)
 q - a +0 pair of boots (worn)
Wands
 b - a wand of acid (11)
Scrolls
 d - 6 scrolls of teleportation {unknown}
 g - 3 scrolls of identify {unknown}
 i - a scroll of remove curse {unknown}
 k - 2 scrolls of magic mapping {unknown}
 o - a scroll of amnesia {unknown}
 v - 2 scrolls of fog {unknown}
Potions
 f - 3 potions of curing
 n - a potion of haste {unknown}
 r - a potion of degeneration {unknown}
 t - a potion of magic {unknown}
Comestibles
 c - 6 rations


   Skills:
 + Level 5.1 Fighting
 + Level 5.9(6.6) Axes
 + Level 3.6(4.8) Maces & Flails
 + Level 1.0 Throwing
 + Level 3.9 Armour
 + Level 3.1 Dodging
 + Level 1.0 Stealth


You had 6 spell levels left.
You didn't know any spells.
Your spell library was empty.

Dungeon Overview and Level Annotations

Branches:
Dungeon (4/15)
 Temple: D:4-7

Altars:
Trog


Message History

* * * LOW HITPOINT WARNING * * *
The bullfrog barely misses you.
Your unstable footing causes you to fumble your attack.
You feel yourself speed up. The bullfrog hits you.
* * * LOW HITPOINT WARNING * * *
The bullfrog hits you.
* * * LOW HITPOINT WARNING * * *
The bullfrog closely misses you.
Okay, then.
Your unstable footing causes you to fumble your attack.
The bullfrog hits you.
* * * LOW HITPOINT WARNING * * *
The bullfrog hits you.
* * * LOW HITPOINT WARNING * * *
You barely miss the bullfrog.
The bullfrog hits you but does no damage. x2
Your unstable footing causes you to fumble your attack.
The bullfrog hits you.
You die...

....'..# ....#..#
#...####
#....##################
#......≈≈≈≈≈≈≈≈≈≈≈≈≈≈≈#.
##....≈≈≈≈≈≈≈≈≈≈≈≈≈≈≈≈≈.
#.....≈≈≈≈≈≈≈≈≈≈≈≈≈≈≈≈.
#.....≈≈≈≈≈≈#≈†≈≈≈≈≈≈≈.
##...≈≈≈≈≈≈≈≈†F@#
###.#≈≈≈≈≈≈≈≈≈†≈≈≈≈≈#
###################


You could see a bullfrog.

Vanquished Creatures
  A centaur (D:3)
  A bullfrog (Sewer)
  A crimson imp (D:3)
  An orc wizard (D:3)
  A hound (D:4)
  An orc priest (D:3)
  Natasha (thrice) (D:3)
  11 adders
  4 river rats (Sewer)
  An ooze (Sewer)
  2 dart slugs
  A leopard gecko (D:3)
  10 orcs
  9 ball pythons (Sewer)
  3 giant cockroaches
  2 goblins
  6 hobgoblins
  4 jackals (D:3)
  A quokka (D:4)
  2 bats
  4 frilled lizards
  4 kobolds
  26 rats
99 creatures vanquished.

Notes
Turn   | Place    | Note
-------+----------+-------------------------------------------
     0 | D:1      | dengdeng the Hill Orc Berserker began the quest for the
                  | Orb.
     0 | D:1      | Reached XP level 1. HP: 19/19 MP: 1/1
   277 | D:1      | Reached XP level 2. HP: 11/27 MP: 2/2
  1201 | D:2      | Reached XP level 3. HP: 14/33 MP: 3/3
  1738 | D:2      | You fall through a shaft for 2 floors!
  2232 | D:4      | Reached skill level 5 in Axes
  2232 | D:4      | Reached XP level 4. HP: 5/40 MP: 4/4
  2668 | D:4      | Found a bloodstained altar of Trog.
  2954 | D:3      | Noticed Natasha
  2957 | D:3      | Reached XP level 5. HP: 47/47 MP: 5/5
  2960 | D:3      | Reached ** piety under Trog
  2963 | D:3      | Killed Natasha
  3056 | D:3      | Noticed a centaur
  3076 | D:3      | Killed a centaur
  3076 | D:3      | Reached skill level 1 in Maces & Flails
  3076 | D:3      | Reached XP level 6. HP: 8/53 MP: 6/6
  3165 | D:3      | Reached skill level 1 in Stealth
  3233 | D:3      | Noticed Natasha
  3244 | D:3      | Killed Natasha
  3287 | D:3      | Noticed Natasha
  3290 | D:3      | Killed Natasha
  3425 | D:3      | Reached skill level 5 in Fighting
  3537 | D:3      | Found a glowing drain.
  3549 | Sewer    | Entered a sewer
  3732 | Sewer    | Reached *** piety under Trog
  3748 | Sewer    | Reached skill level 1 in Throwing
  4092 | Sewer    | Reached XP level 7. HP: 61/61 MP: 7/7
  4409 | Sewer    | HP: 2/61 [bullfrog (4)]
  4411 | Sewer    | Slain by a bullfrog

Skill      XL: |  1  2  3  4  5  6  7 |
---------------+----------------------+-----
Fighting       | 4 5 |  5.1
Dodging        | 2 3 |  3.1
Axes           | 5 |  5.9
Maces & Flails | 1 2 3 |  3.6
Armour         | 3 |  3.9
Stealth        | 1 |  1.0
Throwing       | 1 |  1.0

Action                   |  1- 3 |  4- 6 |  7- 9 || total
-------------------------+-------+-------+-------++-------
Melee: Hand axe          |    98 |     8 |       ||   106
       Whip              |       |    51 |       ||    51
       Flail             |       |    88 |    60 ||   148
Throw: Stone             |    36 |    18 |       ||    54
       Tomahawk          |       |     2 |       ||     2
Invok: Berserk           |       |     2 |     2 ||     4
  Use: Potion            |       |     5 |     2 ||     7
 Stab: Sleeping          |     1 |       |       ||     1
  Eat: Chunk             |     4 |     8 |     2 ||    14
Armor: Animal skin       |    19 |       |       ||    19
       Leather armour    |     2 |     2 |       ||     4
       Scale mail        |       |   100 |    88 ||   188
Dodge: Dodged            |    70 |   140 |    65 ||   275
